 Dungeon Crawl Stone Soup version 0.30-a0-381-g6ea064c7b4 (webtiles) character file.

Game seed: 2188725758339771943

379 lunkers the Digger (level 7, -5/50 HPs)
             Began as a Meteoran Earth Elementalist on Dec 1, 2022.
             Was an Initiate of Ashenzari.
             Shot with an arrow by a centaur (9 damage)
             ... on level 5 of the Dungeon.
             The game lasted 00:05:37 (1713 turns).

lunkers the Digger (Meteoran Earth Elementalist)    Turns: 1713, Time: 00:05:38

Health: -5/50      AC:  6    Str: 10    XL:     7   Next: 25%
Magic:  0/15       EV: 12    Int: 18    God:    Ashenzari [......]
Gold:   112        SH:  0    Dex: 15    Spells: 10/16 levels left

rFire   . . .      SeeInvis +    (no weapon)
rCold   . . .      Faith    .    (no shield)
rNeg    . . .      Spirit   .    a - +0 robe
rPois   .          Reflect  .    (no helmet)
rElec   .          Harm     .    s - +0 cloak
rCorr   .          Rampage  .    q - +2 pair of gloves
Will    .....                    (no boots)
Stlth   +.........               (no amulet)
HPRegen 0.28/turn                j - ring of see invisible
MPRegen 0.14/turn                (no ring)

@: very slightly contaminated, glowing
A: sense surroundings 1, otherworldly, glowing, explore regen
a: Renounce Religion


You were on level 5 of the Dungeon.
You worshipped Ashenzari.
Ashenzari was noncommittal.
You visited 2 branches of the dungeon, and saw 6 of its levels.

You collected 112 gold pieces.

Inventory:

Missiles
 h - a throwing net
Armour
 a - a +0 robe (worn)
 m - a scarf of repulsion
 q - a +2 pair of gloves (worn)
 s - a +0 cloak (worn)
Magical Staves
 p - a staff of cold
Jewellery
 j - a ring of see invisible (left hand)
Scrolls
 c - 2 scrolls of fear
 d - a scroll of vulnerability {unknown}
 e - a scroll of silence {unknown}
 f - 3 scrolls of teleportation
Potions
 b - a potion of magic
 i - a potion of attraction {unknown}
 k - a potion of curing {unknown}
 l - 2 potions of might {unknown}
 n - a potion of invisibility {unknown}
 r - a potion of lignification {unknown}


   Skills:
 - Level 2.4 Dodging
 - Level 1.4 Stealth
 + Level 5.2 Spellcasting
 - Level 1.2 Transmutations
 * Level 7.5 Earth Magic


You had 10 spell levels left.
You knew the following spells:

 Your Spells              Type           Power      Damage    Failure   Level
a - Sandblast             Erth           64%        2d14      1%          1
b - Passwall              Tmut/Erth      16%        N/A       3%          2
c - Stone Arrow           Conj/Erth      36%        3d9       9%          3

Your spell library contained the following spells:

 Spells                   Type           Power      Damage    Failure   Level
 Petrify                  Tmut/Erth      20%        N/A       22%         4
 Conjure Ball Lightning   Conj/Air       2%         3x3d6     100%        6
 Discord                  Hex            2%         N/A       100%        8
 Disjunction              Tloc           2%         N/A       100%        8


Dungeon Overview and Level Annotations

Branches:
Dungeon (5/15) Zot: 1451   Temple (1/1) D:4 Zot: 393

Altars:
Ashenzari
Cheibriados
Elyvilon
Hepliaklqana
Kikubaaqudgha
Nemelex Xobeh
Okawaru
Qazlal
Ru
Sif Muna
Wu Jian
Yredelemnul
Zin
The Shining One


Innate Abilities, Weirdness & Mutations

You passively map a small area around you.
You are easily found by Zot.
You glow in the dark.
You regain HP and MP as you explore.


Message History

You are very lightly contaminated with residual magic.
Nothing appears to happen.
Casting: Stone Arrow (dangerous; 9% risk of failure)
Confirm with . or Enter, or press ? or * to list all spells.
Aiming: Stone Arrow (dangerous; 9% risk of failure)
Press: ? - help, Shift-Dir - straight line, f/p - centaur
Aim: a centaur, wielding a +0 shortbow (81% to hit)
The stone arrow hits the centaur!
The centaur is moderately wounded.
The centaur shoots an arrow.
The arrow misses you.
The centaur shoots an arrow.
The arrow closely misses you.
Casting: Stone Arrow (dangerous; 9% risk of failure)
Confirm with . or Enter, or press ? or * to list all spells.
Aiming: Stone Arrow (dangerous; 9% risk of failure)
Press: ? - help, Shift-Dir - straight line, f/p - centaur
Aim: a centaur, wielding a +0 shortbow (moderately wounded, 81% to hit)
The stone arrow misses the centaur.
* * * LOW MAGIC WARNING * * *
The centaur shoots an arrow.
The arrow completely misses you.
Aiming: Sandblast (safe; 1% risk of failure)
Press: ? - help, Q - select action, (/) - cycle Shift-Dir - straight line, f/p - centaur
Aim: a centaur, wielding a +0 shortbow (moderately wounded, 90% to hit)
The blast of sand misses the centaur.
* * * LOW MAGIC WARNING * * *
The centaur shoots an arrow.
The arrow hits you.
* * * LOW HITPOINT WARNING * * *
The centaur shoots an arrow.
The arrow hits you!
* * * LOW HITPOINT WARNING * * *
The centaur shoots an arrow.
The arrow hits you!
* * * LOW HITPOINT WARNING * * *
Unknown command.
Unknown command.
Aiming: Sandblast (safe; 1% risk of failure)
Press: ? - help, Q - select action, (/) - cycle Shift-Dir - straight line, f/p - centaur
Aim: a centaur, wielding a +0 shortbow (moderately wounded, 90% to hit)
The blast of sand hits the centaur!
The centaur is severely wounded.
* * * LOW MAGIC WARNING * * *
The centaur shoots an arrow.
The arrow hits you!
You die...

** * , < *###
, * ** ,,...
*, #.#* * #c#
* * #.# *,*
### #.###
##)###@..#...
,
#.#........$..
, #,
##.###.##.....
, * #. #####.#
#.# ....
#.###.....#
#.# ###
#..P.♣.##.#
#.. , * ,,
#.#.♣..##.#
#.# , *
#....P.##.#
### , , ,
##.....##.# ,


You could see a centaur.

Vanquished Creatures
  2 ogres
  A hound (D:4)
  An orc priest (D:4)
  An iguana (D:5)
  4 gnolls (D:4)
  3 adders
  A worm (D:3)
  2 dart slugs
  3 orcs (D:3)
  5 endoplasms
  3 giant cockroaches
  4 hobgoblins
  8 jackals
  2 quokkas
  2 ball pythons
  4 bats
  A frilled lizard (D:1)
  7 goblins
  3 kobolds
  2 rats
59 creatures vanquished.

Notes
Turn   | Place    | Note
-------+----------+-------------------------------------------
     0 | D:1      | lunkers the Meteoran Earth Elementalist began the quest for
                  | the Orb.
     0 | D:1      | Reached XP level 1. HP: 14/14 MP: 5/5
   271 | D:1      | Reached XP level 2. HP: 20/20 MP: 2/6
   275 | D:1      | Reached skill level 4 in Earth Magic
   462 | D:2      | Reached XP level 3. HP: 26/26 MP: 4/8
   587 | D:2      | Learned a level 2 spell: Passwall
   591 | D:2      | Learned a level 3 spell: Stone Arrow
   735 | D:2      | Reached XP level 4. HP: 33/33 MP: 8/10
   747 | D:2      | Reached skill level 5 in Earth Magic
  1020 | D:3      | Found an iron altar of Okawaru.
  1223 | D:4      | Reached XP level 5. HP: 38/38 MP: 11/11
  1303 | D:4      | Reached skill level 6 in Earth Magic
  1344 | D:4      | Reached XP level 6. HP: 45/45 MP: 11/13
  1379 | D:4      | Found a staircase to the Ecumenical Temple.
  1400 | Temple   | Entered the Ecumenical Temple
  1557 | Temple   | Became a worshipper of Ashenzari the Shackled
  1615 | D:4      | Noticed an ogre
  1619 | D:4      | Killed an ogre
  1620 | D:4      | Reached skill level 7 in Earth Magic
  1677 | D:5      | Entered Level 5 of the Dungeon
  1697 | D:5      | Reached skill level 5 in Spellcasting
  1701 | D:5      | Noticed an ogre
  1703 | D:5      | Killed an ogre
  1704 | D:5      | Reached XP level 7. HP: 35/50 MP: 8/15
  1713 | D:5      | Shot with an arrow by a centaur

Illustrated notes

Levels and vault maps discovered:
D:1:      minmay_arrival_loop, layout_basic
D:2:      layout_basic, hellmonk_ecumenical_altar_zigzags,
          kennysheep_nondescript
D:3:      layout_loops_corners, okawaru_gym_becter, gup_sewer_entry_spiral
D:4:      layout_loops_ring, minmay_temple_entry_proselytizer
D:5:      nicolae_cairo_tiling_large_dashed, layout_loops_ring,
          mainiacjoe_overflow_concentric_impassable, serial_demonic,
          serial_demonic_c, serial_demonic_e, serial_demonic_a,
          serial_demonic_d, guppyfry_early_orc_mine
Temple:   hellmonk_temple_forest_ring

Skill      XL: |  1  2  3  4  5  6 |
---------------+-------------------+-----
Earth Magic    | 4 5 6 7 |  7.5
Spellcasting   | 3 4 5 |  5.2
Dodging        | |  2.4
Stealth        | |  1.4
Transmutations | |  1.2

Action                   |  1- 3 |  4- 6 |  7- 9 || total
-------------------------+-------+-------+-------++-------
Melee: Unarmed           |     2 |       |       ||     2
 Cast: Sandblast         |    39 |    44 |     2 ||    85
       Stone Arrow       |       |     5 |     2 ||     7
  Use: Scroll            |       |     7 |       ||     7
Armor: Robe              |     6 |     2 |       ||     8
Dodge: Dodged            |    12 |     5 |     3 ||    20
       Repelled          |       |     1 |       ||     1

Table legend: (Time is in decaauts)
 A = Elapsed time spent in this place.
 B = Non-inter-level travel time spent in this place.
 C = Inter-level travel time spent in this place.
 D = Time resting spent in this place.
 E = Time spent auto-exploring this place.
 F = Levels seen in this place.
 G = Mean time per level.
                   A        B        C        D        E       F      G
               +--------+--------+--------+--------+--------+-----+--------+
         Total |   1753 |   1592 |    161 |      0 |   1161 |   6 |  292.2 |
       Dungeon |   1547 |   1423 |    124 |      0 |   1028 |   5 |  309.4 |
        Temple |    206 |    169 |     37 |      0 |    133 |   1 |  206.0 |
               +--------+--------+--------+--------+--------+-----+--------+

Top non-repeatable levels by time:
     D:1: 452 daAuts
     D:2: 366 daAuts
     D:3: 355 daAuts
     D:4: 336 daAuts
  Temple: 206 daAuts
     D:5: 36 daAuts
